 Dungeon Crawl Stone Soup version 0.26.0-16-gc1dbca0489 (webtiles) character file.

Game seed: 16126893291184377438

181 pablito the Magician (level 5, -3/35 HPs)
             Began as a Demonspawn Hedge Wizard on Jan 19, 2021.
             Slain by an ogre
             ... wielding a +0 giant club
              (15 damage)
             ... on level 4 of the Dungeon on Jan 21, 2021.
             The game lasted 00:11:32 (4476 turns).

pablito the Magician (Demonspawn Hedge Wizard)      Turns: 4476, Time: 00:11:33

Health: -3/35      AC:  4    Str: 10    XL:     5   Next: 34%
Magic:  4/10       EV: 11    Int: 17    God:
Gold:   178        SH:  5    Dex: 12    Spells: 3/11 levels left

rFire    . . .     SeeInvis .   l - +1 dagger (flame)
rCold    . . .     Faith    .   (no shield)
rNeg     . . .     Spirit   .   j - +1 leather armour
rPois    .         Reflect  +   c - +0 hat
rElec    .         Harm     .   (no cloak)
rCorr    .         Rampage  .   (no gloves)
Will     .....                  (no boots)
Stlth    ++........             h - amulet of reflection
HPRegen  0.11/turn              (no ring)
MPRegen  0.12/turn              (no ring)

@: very slightly contaminated
A: antennae 2, miasma immunity
a: no special abilities


You were on level 4 of the Dungeon.
You visited 1 branch of the dungeon, and saw 4 of its levels.

You collected 178 gold pieces.

Inventory:

Hand Weapons
 l - a +1 dagger of flaming (weapon)
Armour
 b - a +0 robe
 c - a +0 hat (worn)
 j - a +1 leather armour (worn)
Jewellery
 h - an amulet of reflection (around neck)
Scrolls
 a - 2 scrolls of amnesia
 d - 2 scrolls of remove curse
Potions
 e - a potion of flight {unknown}
 f - 2 potions of haste
 g - 2 potions of attraction
 i - a potion of ambrosia {unknown}
 k - a potion of cancellation
 m - a potion of lignification {unknown}
 n - a potion of degeneration {unknown}
 o - a potion of curing {unknown}
 p - a potion of might {unknown}


   Skills:
 - Level 1.7 Dodging
 - Level 1.7 Stealth
 + Level 3.9 Spellcasting
 + Level 2.7 Conjurations
 - Level 2.3 Summonings
 + Level 2.4 Translocations


You had 3 spell levels left.
You knew the following spells:

 Your Spells              Type           Power        Failure   Level
a - Magic Dart            Conj           48%          7%          1
b - Blink                 Tloc           N/A          12%         2
c - Call Imp              Summ           11%          12%         2
d - Mephitic Cloud        Conj/Pois/Air  6%           41%         3

Your spell library contained the following spells:

 Spells                   Type           Power        Failure   Level
 Slow                     Hex            3%           32%         2
 Conjure Flame            Conj/Fire      8%           36%         3


Dungeon Overview and Level Annotations

Branches:
Dungeon (4/15)
 Temple: D:4-7

Altars:
Hepliaklqana
Xom


Innate Abilities, Weirdness & Mutations

You have a pair of antennae on your head.
You are immune to miasma.


Message History

The ogre is lightly wounded.
The magic dart hits the ogre.
The ogre is moderately wounded.
You miscast Magic Dart.
You are very lightly contaminated with residual magic.
Nothing appears to happen.
The magic dart hits the ogre.
The ogre is moderately wounded.
The magic dart hits the ogre.
The ogre is moderately wounded.
The magic dart hits the ogre.
The ogre is heavily wounded.
You hit the ogre but do no damage.
The ogre is heavily wounded.
The ogre hits you with a +0 giant club!!
Ouch! That really hurt!
You barely miss the ogre.
The ogre is heavily wounded.
The ogre hits you with a +0 giant club!
You die...

.........#.###.#
#.#......#.# .#
... ...........#
.# .##
...........###.#
#..............#
######.##..#...#
#.....#...#
###...#...#
#....@..#
#....O.......
#....##?.######
#.##. #..# . .
...# # ...# ...#
....#


You could see an ogre.

Vanquished Creatures
  A worker ant (D:4)
  Terence (D:3)
  3 adders
  An ooze (D:2)
  2 worms
  3 dart slugs
  5 leopard geckos
  2 orcs (D:3)
  2 ball pythons (D:2)
  8 bats
  3 giant cockroaches
  10 goblins
  4 hobgoblins
  10 jackals
  5 frilled lizards
  12 kobolds
  13 rats
85 creatures vanquished.

Vanquished Creatures (others)
  5 dream sheep (D:3)
5 creatures vanquished.

Grand Total: 90 creatures vanquished

Notes
Turn   | Place    | Note
-------+----------+-------------------------------------------
     0 | D:1      | pablito the Demonspawn Hedge Wizard began the quest for the
                  | Orb.
     0 | D:1      | Reached XP level 1. HP: 13/13 MP: 4/4
    72 | D:1      | Reached skill level 1 in Translocations
   191 | D:1      | Gained mutation: You are immune to miasma. [demonic
                  | ancestry]
   191 | D:1      | Reached XP level 2. HP: 12/19 MP: 0/6
  1004 | D:1      | Gained mutation: You have a pair of small antennae on your
                  | head. [demonic ancestry]
  1004 | D:1      | Reached XP level 3. HP: 22/24 MP: 1/7
  2171 | D:2      | Learned a level 2 spell: Blink
  2174 | D:2      | Learned a level 2 spell: Call Imp
  2225 | D:2      | Gained mutation: You have a pair of antennae on your head.
                  | [demonic ancestry]
  2225 | D:2      | Reached XP level 4. HP: 30/30 MP: 6/9
  3323 | D:3      | Noticed Terence
  3342 | D:3      | Killed Terence
  3452 | D:3      | Found a hazy altar of Hepliaklqana.
  3599 | D:3      | Reached XP level 5. HP: 31/35 MP: 3/10
  3607 | D:3      | Learned a level 3 spell: Mephitic Cloud
  4051 | D:3      | Noticed a dream sheep
  4051 | D:3      | Noticed a dream sheep
  4051 | D:3      | Noticed a dream sheep
  4051 | D:3      | Noticed a dream sheep
  4051 | D:3      | Noticed a dream sheep
  4051 | D:3      | Found a shimmering altar of Xom.
  4057 | D:3      | Killed a dream sheep
  4057 | D:3      | Killed a dream sheep
  4057 | D:3      | Killed a dream sheep
  4058 | D:3      | Killed a dream sheep
  4060 | D:3      | Killed a dream sheep
  4468 | D:4      | Noticed an ogre
  4476 | D:4      | Slain by an ogre

Illustrated notes

Levels and vault maps discovered:
D:1:      psy_arrival_radial02, layout_loops_ring,
          chequers_serial_rivers_large_a, minmay_misc_feat_encased
D:2:      minmay_evil_eye, layout_basic, nicolae_overflow_hidden_temple
D:3:      minmay_wonky_spiral, layout_basic, lemuel_crystal_altar,
          kb_xom_exploding_sheep, uniq_terence
D:4:      layout_loops_ring, led_sif_pool, chequers_temple_overflow_minitemple,
          minmay_temple_entry_nine_rooms, gammafunk_ghost_arena, uniq_pikel

Skill      XL: |  1  2  3  4 |
---------------+-------------+-----
Translocations | 1 2 |  2.4
Conjurations   | 2 |  2.7
Summonings     | 2 |  2.3
Dodging        | |  1.7
Stealth        | |  1.7
Spellcasting   | |  3.9

Action                   |  1- 3 |  4- 6 || total
-------------------------+-------+-------++-------
Melee: Dagger            |    65 |   100 ||   165
 Cast: Magic Dart        |    86 |    78 ||   164
       Mephitic Cloud    |       |     1 ||     1
  Use: Scroll            |       |     8 ||     8
 Stab: Sleeping          |     1 |     3 ||     4
       Confused          |       |     1 ||     1
Armor: Leather armour    |    19 |    19 ||    38
Dodge: Dodged            |    46 |    47 ||    93
Block: Other             |    14 |    22 ||    36
       Reflection        |     2 |     1 ||     3
